[ AOE2 MATCH · #495844577 ]
UnrankedKhmer vs Maya
Player's team · WIN
Rival team · LOSS
[ REPLAY ANALYSIS · EXTRACTED FROM THE RECORDED GAME ]
Feudal
8:28
Castle
30:27
Imperial
—
| APM avg | 66.9 |
| APM peak | 148 |
| eAPM avg | 39.0 |
| Villagers / military | 296 / 195 |
Focus
⚔️ 39.4% · 🌾 60.6%
Scout Cavalry ×124 · Scorpion ×50 · Battering Ram ×18 · Monk ×3
Feudal
11:10
Castle
20:17
Imperial
44:21
| APM avg | 54.1 |
| APM peak | 86 |
| eAPM avg | 29.0 |
| Villagers / military | 174 / 203 |
Focus
⚔️ 49.4% · 🌾 50.6%
Archer ×185 · Spearman ×12 · Skirmisher ×3 · Militia ×2 · Mangonel ×1
Match map
Initial resources + every placement click. Lines = walls · curves = elevation contours. ◆ gold · ⬟ stone · ● berries · ✦ relic · ◌ wall gap
Your base· Open — unwalled flank
啊这's base· Open — 4t gap
Smoothed initial terrain · ◌ = detected wall gap · hover for details
Inputs per minute
— Baldeitus - - 啊这
Build order — Baldeitus
First 150 of 632 actions detected
| 0:00 | Create | Villager (Male) |
| 0:02 | Build | House |
| 0:02 | Build | House |
| 0:08 | Create | Villager (Male) |
| 0:08 | Create | Villager (Male) |
| 0:08 | Create | Villager (Male) |
| 1:25 | Create | Villager (Male) |
| 1:25 | Create | Villager (Male) |
| 1:58 | Build | Lumber Camp |
| 2:01 | Create | Villager (Male) |
| 2:02 | Create | Villager (Male) |
| 2:12 | Create | Villager (Male) |
| 2:12 | Create | Villager (Male) |
| 2:36 | Create | Villager (Male) |
| 2:36 | Create | Villager (Male) |
| 3:00 | Create | Villager (Male) |
| 3:00 | Create | Villager (Male) |
| 3:30 | Create | Villager (Male) |
| 3:30 | Create | Villager (Male) |
| 3:50 | Build | House |
| 3:54 | Create | Villager (Male) |
| 3:55 | Create | Villager (Male) |
| 3:55 | Create | Villager (Male) |
| 4:08 | Create | Villager (Male) |
| 4:08 | Create | Villager (Male) |
| 4:34 | Create | Villager (Male) |
| 4:35 | Create | Villager (Male) |
| 4:52 | Create | Villager (Male) |
| 5:01 | Create | Villager (Male) |
| 5:44 | Research | Loom |
| 5:44 | Research | Loom |
| 6:18 | Research | Feudal Age |
| 6:18 | Research | Feudal Age |
| 6:27 | Build | Mill |
| 6:57 | Build | House |
| 7:10 | Build | House |
| 7:25 | Build | House |
| 7:57 | Build | House |
| 8:01 | Create | Villager (Male) |
| 8:28 | Age | Feudal Age |
| 8:34 | Create | Villager (Male) |
| 8:37 | Research | Double-Bit Axe |
| 8:38 | Research | Horse Collar |
| 8:38 | Research | Horse Collar |
| 8:52 | Build | Stable |
| 9:12 | Create | Villager (Male) |
| 9:14 | Build | Farm |
| 9:27 | Build | Farm |
| 9:41 | Create | Villager (Male) |
| 9:45 | Build | Farm |
| 10:07 | Build | Farm |
| 10:12 | Create | Villager (Male) |
| 10:17 | Build | Farm |
| 10:29 | Build | Farm |
| 10:42 | Create | Scout Cavalry |
| 10:47 | Build | Farm |
| 10:52 | Build | Farm |
| 10:55 | Create | Villager (Male) |
| 10:55 | Create | Villager (Male) |
| 11:00 | Build | Farm |
| 11:20 | Create | Scout Cavalry |
| 11:26 | Create | Villager (Male) |
| 11:27 | Create | Villager (Male) |
| 11:29 | Build | Farm |
| 11:31 | Build | Farm |
| 11:35 | Build | House |
| 11:36 | Build | House |
| 11:52 | Create | Scout Cavalry |
| 11:56 | Build | Farm |
| 12:00 | Create | Villager (Male) |
| 12:01 | Create | Villager (Male) |
| 12:16 | Create | Scout Cavalry |
| 12:26 | Create | Villager (Male) |
| 12:28 | Build | Farm |
| 12:37 | Create | Scout Cavalry |
| 12:44 | Create | Villager (Male) |
| 12:45 | Create | Villager (Male) |
| 13:07 | Create | Scout Cavalry |
| 13:23 | Create | Scout Cavalry |
| 13:23 | Create | Villager (Male) |
| 13:24 | Create | Villager (Male) |
| 13:26 | Build | Blacksmith |
| 13:30 | Build | Mining Camp |
| 13:42 | Create | Villager (Male) |
| 13:50 | Create | Villager (Male) |
| 13:50 | Create | Villager (Male) |
| 13:50 | Create | Villager (Male) |
| 13:56 | Build | House |
| 14:01 | Create | Villager (Male) |
| 14:01 | Create | Villager (Male) |
| 14:06 | Create | Scout Cavalry |
| 14:14 | Create | Villager (Male) |
| 14:16 | Build | House |
| 14:16 | Build | House |
| 14:33 | Create | Scout Cavalry |
| 14:37 | Create | Villager (Male) |
| 14:54 | Research | Forging |
| 14:54 | Research | Forging |
| 14:54 | Research | Forging |
| 14:58 | Create | Villager (Male) |
| 15:01 | Build | Farm |
| 15:02 | Build | Farm |
| 15:03 | Create | Villager (Male) |
| 15:18 | Create | Scout Cavalry |
| 15:20 | Build | Farm |
| 15:24 | Create | Villager (Male) |
| 15:42 | Create | Villager (Male) |
| 15:44 | Build | Stable |
| 15:51 | Create | Scout Cavalry |
| 15:58 | Create | Villager (Male) |
| 16:06 | Create | Scout Cavalry |
| 16:13 | Research | Scale Barding Armor |
| 16:13 | Research | Scale Barding Armor |
| 16:14 | Create | Villager (Male) |
| 16:19 | Create | Villager (Male) |
| 16:24 | Build | House |
| 16:24 | Build | House |
| 16:28 | Create | Scout Cavalry |
| 16:28 | Create | Scout Cavalry |
| 16:35 | Create | Villager (Male) |
| 16:41 | Create | Scout Cavalry |
| 16:41 | Create | Villager (Male) |
| 16:41 | Create | Villager (Male) |
| 16:51 | Create | Villager (Male) |
| 16:51 | Create | Villager (Male) |
| 16:56 | Create | Villager (Male) |
| 16:56 | Create | Villager (Male) |
| 17:01 | Build | Farm |
| 17:02 | Build | Farm |
| 17:06 | Create | Scout Cavalry |
| 17:06 | Create | Scout Cavalry |
| 17:06 | Create | Scout Cavalry |
| 17:39 | Create | Scout Cavalry |
| 17:39 | Create | Scout Cavalry |
| 17:39 | Create | Villager (Male) |
| 17:40 | Create | Villager (Male) |
| 18:03 | Create | Scout Cavalry |
| 18:04 | Create | Villager (Male) |
| 18:04 | Create | Villager (Male) |
| 18:06 | Build | Farm |
| 18:07 | Build | Farm |
| 18:19 | Create | Scout Cavalry |
| 18:19 | Create | Scout Cavalry |
| 18:20 | Create | Villager (Male) |
| 18:36 | Build | Market |
| 18:44 | Create | Scout Cavalry |
| 18:44 | Create | Scout Cavalry |
| 18:44 | Create | Scout Cavalry |
| 18:51 | Research | Bloodlines |
| 18:51 | Research | Bloodlines |
Build order — 啊这
First 150 of 498 actions detected
| 0:00 | Research | Loom |
| 0:01 | Research | Loom |
| 0:02 | Build | House |
| 0:03 | Build | House |
| 0:06 | Create | Villager (Male) |
| 0:12 | Create | Villager (Male) |
| 0:17 | Create | Villager (Male) |
| 1:27 | Create | Villager (Male) |
| 1:27 | Create | Villager (Male) |
| 1:45 | Build | Lumber Camp |
| 2:07 | Create | Villager (Male) |
| 2:07 | Create | Villager (Male) |
| 2:08 | Create | Villager (Male) |
| 2:08 | Create | Villager (Male) |
| 2:38 | Create | Villager (Male) |
| 2:39 | Create | Villager (Male) |
| 3:15 | Create | Villager (Male) |
| 3:15 | Create | Villager (Male) |
| 3:34 | Create | Villager (Male) |
| 3:51 | Build | House |
| 4:00 | Create | Villager (Male) |
| 4:24 | Build | Barracks |
| 4:36 | Create | Villager (Male) |
| 4:37 | Create | Villager (Male) |
| 5:21 | Build | House |
| 5:25 | Build | House |
| 5:29 | Create | Villager (Male) |
| 5:29 | Create | Villager (Male) |
| 5:32 | Create | Villager (Male) |
| 5:33 | Create | Villager (Male) |
| 5:37 | Create | Militia |
| 5:37 | Create | Militia |
| 5:50 | Create | Villager (Male) |
| 6:30 | Create | Villager (Male) |
| 6:30 | Create | Villager (Male) |
| 6:38 | Create | Villager (Male) |
| 6:38 | Create | Villager (Male) |
| 6:40 | Create | Villager (Male) |
| 6:42 | Build | Mill |
| 6:48 | Build | Mill |
| 6:50 | Create | Villager (Male) |
| 6:50 | Create | Villager (Male) |
| 6:54 | Build | House |
| 7:20 | Build | Mill |
| 8:15 | Create | Villager (Male) |
| 8:37 | Create | Villager (Male) |
| 8:55 | Research | Feudal Age |
| 8:58 | Build | Mining Camp |
| 10:17 | Create | Villager (Male) |
| 10:28 | Build | Farm |
| 11:08 | Build | Palisade Wall |
| 11:09 | Build | Palisade Wall |
| 11:10 | Age | Feudal Age |
| 11:13 | Create | Villager (Male) |
| 11:13 | Create | Villager (Male) |
| 11:15 | Build | Archery Range |
| 11:21 | Create | Villager (Male) |
| 11:22 | Create | Villager (Male) |
| 11:24 | Build | Archery Range |
| 11:29 | Research | Double-Bit Axe |
| 11:40 | Create | Villager (Male) |
| 11:46 | Create | Villager (Male) |
| 11:48 | Build | House |
| 11:50 | Create | Villager (Male) |
| 11:52 | Create | Spearman |
| 11:57 | Create | Villager (Male) |
| 12:20 | Build | House |
| 12:21 | Create | Archer |
| 12:21 | Create | Archer |
| 12:26 | Create | Villager (Male) |
| 12:31 | Create | Archer |
| 12:31 | Create | Archer |
| 12:41 | Create | Archer |
| 12:44 | Create | Spearman |
| 12:51 | Build | House |
| 12:56 | Create | Villager (Male) |
| 13:27 | Create | Villager (Male) |
| 13:27 | Create | Villager (Male) |
| 13:30 | Create | Archer |
| 13:33 | Build | Farm |
| 13:34 | Build | Farm |
| 13:35 | Create | Villager (Male) |
| 13:37 | Build | Farm |
| 13:39 | Build | Farm |
| 13:40 | Build | Farm |
| 13:50 | Create | Archer |
| 13:55 | Build | Palisade Wall |
| 13:57 | Build | Palisade Wall |
| 13:58 | Build | House |
| 14:05 | Create | Villager (Male) |
| 14:10 | Build | Farm |
| 14:34 | Create | Archer |
| 14:34 | Create | Archer |
| 14:35 | Create | Villager (Male) |
| 14:41 | Build | Farm |
| 14:49 | Create | Villager (Male) |
| 14:51 | Build | Farm |
| 14:52 | Create | Villager (Male) |
| 14:57 | Build | Palisade Wall |
| 15:01 | Create | Archer |
| 15:07 | Create | Archer |
| 15:08 | Create | Villager (Male) |
| 15:18 | Create | Archer |
| 15:29 | Build | Farm |
| 16:00 | Create | Archer |
| 16:08 | Build | House |
| 16:17 | Build | Blacksmith |
| 16:25 | Create | Archer |
| 16:42 | Create | Archer |
| 16:43 | Create | Archer |
| 17:10 | Create | Villager (Male) |
| 17:12 | Build | Farm |
| 17:14 | Build | Farm |
| 17:37 | Research | Castle Age |
| 17:38 | Research | Castle Age |
| 18:01 | Research | Fletching |
| 18:05 | Create | Villager (Male) |
| 18:07 | Research | Stone Mining |
| 18:19 | Create | Villager (Male) |
| 18:20 | Build | House |
| 18:32 | Create | Archer |
| 18:32 | Create | Archer |
| 18:37 | Research | Gold Mining |
| 18:39 | Research | Horse Collar |
| 18:40 | Create | Archer |
| 18:44 | Build | House |
| 18:48 | Build | Palisade Wall |
| 19:16 | Create | Archer ×2 |
| 19:31 | Create | Archer |
| 19:37 | Build | Archery Range |
| 19:41 | Build | Palisade Wall |
| 19:55 | Create | Archer |
| 19:55 | Create | Archer |
| 20:05 | Create | Spearman |
| 20:08 | Build | Palisade Wall |
| 20:09 | Create | Archer |
| 20:09 | Create | Archer |
| 20:17 | Age | Castle Age |
| 20:20 | Create | Villager (Male) |
| 20:34 | Build | Farm |
| 20:57 | Research | Bodkin Arrow |
| 21:13 | Create | Villager (Male) |
| 21:25 | Build | Farm |
| 21:30 | Create | Archer |
| 21:30 | Create | Archer |
| 21:31 | Create | Archer |
| 21:33 | Create | Villager (Male) |
| 21:47 | Research | Crossbowman (upgrade) |
| 22:00 | Research | Stone Mining |
| 22:01 | Build | House |
Match timeline
| 4:24 | 啊这 · first_building Barracks |
| 8:28 | Baldeitus · age_up feudal |
| 8:52 | Baldeitus · first_building Stable |
| 11:08 | 啊这 · wall_segment Palisade Wall x1 |
| 11:09 | 啊这 · wall_segment Palisade Wall x1 |
| 11:10 | 啊这 · age_up feudal |
| 11:15 | 啊这 · first_building Archery Range |
| 13:55 | 啊这 · wall_segment Palisade Wall x1 |
| 13:57 | 啊这 · wall_segment Palisade Wall x1 |
| 14:57 | 啊这 · wall_segment Palisade Wall x1 |
| 18:48 | 啊这 · wall_segment Palisade Wall x1 |
| 19:41 | 啊这 · wall_segment Palisade Wall x1 |
| 20:08 | 啊这 · wall_segment Palisade Wall x1 |
| 20:17 | 啊这 · age_up castle |
| 23:01 | 啊这 · wall_segment Palisade Wall x1 |
| 24:15 | 啊这 · wall_segment Palisade Wall x1 |
| 24:17 | 啊这 · wall_segment Palisade Wall x1 |
| 25:19 | Baldeitus · first_market_buy 100 food |
| 27:49 | 啊这 · wall_segment Palisade Wall x1 |
| 29:47 | 啊这 · wall_segment Palisade Wall x1 |
| 30:27 | Baldeitus · age_up castle |
| 32:28 | Baldeitus · first_building Siege Workshop |
| 40:04 | 啊这 · first_building Siege Workshop |
| 40:48 | Baldeitus · first_building Monastery |
| 43:36 | Baldeitus · first_building Castle |
| 44:21 | 啊这 · age_up imperial |
| 45:40 | 啊这 · first_market_sell 100 food |
| 47:37 | Baldeitus · first_market_sell 500 wood |
| 48:55 | 啊这 · resign |
[ AI ANALYSIS · 1 CREDIT ]
What really happened in this match?
Wolo.gg analyzes every decision: build order, eco, micro, common mistakes by bracket. Personalized analysis on WhatsApp or Discord in 30 seconds.
Civ guide
Khmer
Perfil
Jugador #1249720